 Dungeon Crawl Stone Soup version 0.30-a0-840-ga523dec638 (webtiles) character file.

Game seed: 6558602736633186076

38934 Demosthentine the Victor of a Thousand Battles (level 13, -18/106 HPs)
             Began as a Demonspawn Gladiator on Mar 2, 2023.
             Was the Champion of Okawaru.
             Killed from afar by an ironbound frostheart (29 damage)
             ... by creeping frost
             ... in an ice cave.
             The game lasted 00:18:31 (14260 turns).

Demosthentine (DsGl)                               Turns: 14260, Time: 00:18:32

Health: -18/106    AC: 10    Str: 18    XL:     13   Next: 66%
Magic:  22/22      EV: 23    Int: 15    God:    Okawaru [******]
Gold:   348        SH:  6    Dex: 18    Spells: 12/12 levels left

rFire   . . .      SeeInvis +    p - +6 demon trident (elec)
rCold   . . .      Faith    .    K - +0 buckler
rNeg    . . .      Spirit   .    v - +1 leather armour {Will+}
rPois   .          Reflect  .    Q - +2 helmet {SInv}
rElec   .          Harm     .    (cloak unavailable)
rCorr   .          Rampage  .    J - +1 pair of gloves {Str+3}
Will    +....                    (no boots)
Stlth   +                        I - amulet of regeneration
HPRegen 1.17/turn                k - ring of see invisible
MPRegen 0.18/turn                l - +5 ring of evasion

@: invisible
A: ignite blood 1, spiny 2, big brain 2, weakness stinger 3
a: Renounce Religion, Heroism, Finesse, Duel


You were in an ice cave.
You worshipped Okawaru.
Okawaru was exalted by your worship.
You visited 2 branches of the dungeon, and saw 14 of its levels.
You also visited: Bailey, Gauntlet and Ice Cave.

You collected 828 gold pieces.
You spent 480 gold pieces at shops.

Inventory:

Hand Weapons
 p - a +6 demon trident of electrocution (weapon)
 N - a +2 trident of pain
Missiles
 e - 3 javelins (quivered)
 r - 6 boomerangs
 H - 6 silver javelins
Armour
 j - an orb of light
 v - a +1 leather armour of willpower (worn)
 G - a +0 troll leather armour
 J - a +1 pair of gloves of strength (worn)
 K - a +0 buckler (worn)
 Q - a +2 helmet of see invisible (worn)
Jewellery
 c - the ring "Ewkach" {*Corrode Fly rPois Str+6}
   (You found it in a Gauntlet)

   [ring of poison resistance]

   Str:       It affects your strength (+6).
   rPois:     It protects you from poison.
   Fly:       It grants you flight.
   *Corrode:  It may corrode you when you take damage.
 k - a ring of see invisible (left hand)
 l - a +5 ring of evasion (right hand)
 n - a ring of ice
 y - a ring of flight
 I - an amulet of regeneration (around neck)
 L - an amulet of reflection
 P - a ring of ice
 R - the ring "Jodoh" {rF+ Will- AC+4 Str+3}
   (You found it in a Gauntlet)

   [ring of protection]

   AC:        It affects your AC (+4).
   Str:       It affects your strength (+3).
   rF:        It protects you from fire.
   Will:      It decreases your willpower.
 S - a ring of ice
Wands
 u - a wand of flame (28)
 x - a wand of quicksilver (8)
 M - a wand of roots (6)
Scrolls
 d - a scroll of brand weapon
 f - 2 scrolls of identify
 g - 2 scrolls of blinking
 m - a scroll of magic mapping
 o - 3 scrolls of fog
 C - a scroll of teleportation
 D - a scroll of enchant armour
 E - 4 scrolls of summoning
 O - a scroll of enchant weapon
Potions
 a - 5 potions of might
 b - a potion of cancellation
 h - 4 potions of resistance
 i - 3 potions of attraction
 q - 6 potions of brilliance
 t - 10 potions of curing
 w - 5 potions of mutation
 A - 3 potions of haste
 B - 5 potions of ambrosia
 F - 2 potions of flight


   Skills:
 + Level 11.3 Fighting
 + Level 10.7 Polearms
 - Level 1.7 Throwing
 - Level 5.4 Armour
 + Level 10.6 Dodging
 - Level 8.1 Shields
 + Level 12.0 Invocations


You had 12 spell levels left.
You didn't know any spells.
Your spell library contained the following spells:

 Spells                   Type           Power      Damage    Failure   Level
 Apportation              Tloc           0%         N/A       36%         1
 Foxfire                  Conj/Fire      0%         2x1d4     36%         1
 Freeze                   Ice            0%         1d3       36%         1
 Necrotise                Necr           0%         1d4       36%         1
 Sandblast                Erth           0%         2d4       36%         1
 Blink                    Tloc           0%         N/A       52%         2
 Lesser Beckoning         Tloc           0%         N/A       52%         2
 Momentum Strike          Conj/Tloc      0%         3d8       52%         2
 Passwall                 Tmut/Erth      0%         N/A       52%         2
 Frozen Ramparts          Ice            0%         1d1       75%         3
 Gell's Gravitas          Tloc           0%         N/A       75%         3
 Hailstorm                Conj/Ice       0%         3d3       75%         3
 Ignite Poison            Fire/Tmut/Pois 0%         N/A       75%         3
 Kindle Blastsparks       Fire/Tloc/Air  0%         2d10      75%         3
 Portal Projectile        Hex/Tloc       0%         N/A       75%         3
 Stone Arrow              Conj/Erth      0%         3d7       75%         3
 Teleport Other           Tloc           0%         N/A       75%         3
 Leda's Liquefaction      Hex/Erth       0%         N/A       98%         4
 Fireball                 Conj/Fire      0%         3d3       100%        5
 Freezing Cloud           Conj/Ice/Air   0%         6-21      100%        5
 Starburst                Conj/Fire      0%         6d3       100%        6
 Summon Small Mammal      Summ           Unusable   N/A       N/A         1
 Call Canine Familiar     Summ           Unusable   N/A       N/A         3

Dungeon Overview and Level Annotations

Branches:
Dungeon (13/15)            Temple (1/1) D:4            Lair (0/5) D:11
    Orc (0/2) D:9          Bailey (visited)           IceCv (1/1)
Gauntlet (visited)
 Vaults: D:13-14

Altars:
Ashenzari
Cheibriados
Dithmenos
Fedhas
Gozag
Hepliaklqana
Kikubaaqudgha
Makhleb
Nemelex Xobeh
Okawaru
Qazlal
Ru
Sif Muna
Trog
Uskayaw
Vehumet
Wu Jian
Xom
Yredelemnul

Shops:
D:6 [   D:9 (   D:12 =


Innate Abilities, Weirdness & Mutations

Your demonic aura sometimes causes spilled blood to erupt in flames.
You are mostly covered in sharp spines.
You have an extremely huge brain. (Int +4)
You have a sharp stinger which inflicts weakening toxins.


Message History

The ironbound frostheart is lightly wounded.
Unknown command.
You impale the ironbound frostheart!! You tail-slap the ironbound frostheart.
The ironbound frostheart looks weaker.
The ironbound frostheart is heavily wounded.
The ironbound frostheart touches you! The ironbound frostheart freezes you!
You hit the ironbound frostheart. You tail-slap the ironbound frostheart.
The ironbound frostheart is heavily wounded.
The ironbound frostheart calls freezing cold from the walls.
The frost grips you!
You are encased in ice.
You feel much better.
The ironbound frostheart is struck by your spines.
The ironbound frostheart touches you. The ironbound frostheart freezes you!!
You barely miss the ironbound frostheart.
The ironbound frostheart is severely wounded.
The ironbound frostheart calls freezing cold from the walls.
The frost grips you!!!
* * * LOW HITPOINT WARNING * * *
You hear a sizzling sound!
Okay, then.
Your magical effects are unravelling.
You feel magically purged. The ice encasing you melts away.
You block the ironbound frostheart's attack.
You fade into invisibility!
The ironbound frostheart barely misses you.
You hit the ironbound frostheart but do no damage.
The ironbound frostheart is heavily wounded.
Okay, then.
Unknown command.
Press: ? - help, v - describe, . - travel, g - get item
Here: an ironbound frostheart, wearing a +0 scale mail (heavily wounded, weak)
Items here: a +0 scale mail; a polar bear corpse; a polar bear corpse.
The floor, spattered with blood.
The ironbound frostheart attacks as you move away!
The ironbound frostheart completely misses you.
The ironbound frostheart calls freezing cold from the walls.
The frost grips you!!
You die...

#≈≈≈≈≈#..#.##
#≈≈≈≈≈#.##..#
##≈≈≈≈#.###.#
##≈≈≈##.#.##
##.≈ #....#
#.# ##.#.#
###.## ##.#
##@# #..#
#p## #h##
##.# #†# ..#
p.##


ph. You could see an ironbound frostheart (weak) and a polar bear (unable to see
you).

Vanquished Creatures
  A minotaur (Gauntlet)
  Snorg (D:12)
  Fannar (D:12)
  Erolcha (D:10)
  An ironbound frostheart (IceCv)
  A centaur warrior (D:12)
  5 two-headed ogres
  2 death scarabs (Gauntlet)
  2 death yaks (IceCv)
  A spectral death yak (Gauntlet)
  2 orc knights (Bailey)
  A deep elf pyromancer (D:12)
  An oklob plant (Gauntlet)
  3 cyclopes
  2 manticores
  The ghost of ytrimaz the Trooper, a novice FoFi (D:4)
  An ice statue (IceCv)
  An unseen horror (D:13)
  2 minotaur zombies (Gauntlet)
  9 polar bears (IceCv)
  A queen bee (D:10)
  4 trolls
  8 slime creatures
  A spectral black mamba (Gauntlet)
  4 wraiths
  2 vampires (D:12)
  12 yaks
  A wyvern (D:10)
  A basilisk (D:12)
  A shadow (D:9)
  2 steam dragons (D:9)
  5 vampire mosquitoes (D:12)
  2 water moccasins
  3 acid dragons
  10 orc warriors
  2 sky beasts (D:6)
  2 ogres (D:6)
  15 wolves
  7 centaurs
  2 kobold brigands (D:9)
  A phantom (D:4)
  5 bullfrogs
  3 necrophages
  2 gnoll sergeants
  4 scorpions
  7 wights
  35 killer bees
  6 electric eels
  11 howler monkeys
  6 jellies
  6 hounds
  5 orc priests
  6 iguanas
  6 orc wizards
  7 gnolls
  12 adders
  2 shadow imps (D:7)
  13 white imps
  2 ufetubi
  2 dart slugs (D:2)
  57 orcs
  10 ball pythons
  5 bats
  10 endoplasms
  6 giant cockroaches
  10 hobgoblins
  14 kobolds
  4 quokkas
  2 frilled lizards (D:1)
  11 goblins
  2 rats
396 creatures vanquished.

Vanquished Creatures (others)
  86 plants
86 creatures vanquished.

Grand Total: 482 creatures vanquished

Notes
Turn   | Place    | Note
-------+----------+-------------------------------------------
     0 | D:1      | Demosthentine the Demonspawn Gladiator began the quest for
                  | the Orb.
     0 | D:1      | Reached XP level 1. HP: 16/16 MP: 1/1
   150 | D:1      | Gained mutation: You have a small tail. [demonic ancestry]
   150 | D:1      | Reached XP level 2. HP: 20/22 MP: 2/2
   193 | D:1      | Found a faded altar of an unknown god.
   942 | D:2      | Reached skill level 1 in Armour
   984 | D:2      | Gained mutation: You are partially covered in sharp spines.
                  | [demonic ancestry]
   984 | D:2      | Reached XP level 3. HP: 27/28 MP: 3/3
  1777 | D:3      | Reached XP level 4. HP: 34/34 MP: 4/4
  2589 | D:4      | Found a runed translucent door.
  2592 | D:4      | Noticed ytrimaz's ghost (novice FoFi)
  2602 | D:4      | Noticed a water moccasin
  2628 | D:4      | Killed a water moccasin
  2629 | D:4      | Reached XP level 5. HP: 34/41 MP: 5/5
  2899 | D:4      | Found a staircase to the Ecumenical Temple.
  2906 | D:4      | Reached XP level 6. HP: 47/47 MP: 6/6
  2915 | Temple   | Entered the Ecumenical Temple
  3035 | Temple   | Became a worshipper of Warmaster Okawaru
  3287 | D:4      | Found a hide-covered altar of Uskayaw.
  3389 | D:4      | Found a broken altar of Ashenzari.
  4358 | D:4      | Gained mutation: You have an unusually large brain. (Int
                  | +2) [demonic ancestry]
  4358 | D:4      | Reached XP level 7. HP: 54/54 MP: 7/7
  4407 | D:4      | Killed ytrimaz's ghost
  4407 | D:4      | Reached * piety under Okawaru
  4595 | D:5      | Entered Level 5 of the Dungeon
  4898 | D:5      | Reached skill level 5 in Polearms
  4930 | D:5      | Reached skill level 5 in Dodging
  4945 | D:5      | Reached skill level 5 in Fighting
  4945 | D:5      | Gained mutation: You are mostly covered in sharp spines.
                  | [demonic ancestry]
  4945 | D:5      | Reached XP level 8. HP: 62/62 MP: 8/8
  5831 | D:6      | Reached ** piety under Okawaru
  5839 | D:6      | Found a bloodstained altar of Trog.
  5879 | D:6      | Found Joufodut's Armour Boutique.
  5941 | D:6      | Reached skill level 5 in Armour
  6365 | D:7      | Reached XP level 9. HP: 67/69 MP: 9/9
  6862 | D:8      | Reached skill level 1 in Invocations
  6896 | D:8      | Reached skill level 2 in Invocations
  6911 | D:8      | Reached *** piety under Okawaru
  6912 | D:8      | Reached skill level 3 in Invocations
  7230 | D:8      | Noticed a two-headed ogre
  7242 | D:8      | Killed a two-headed ogre
  7243 | D:8      | Reached skill level 4 in Invocations
  7542 | D:8      | Gained mutation: You have a tail ending in a sharp stinger.
                  | [demonic ancestry]
  7542 | D:8      | Reached XP level 10. HP: 79/79 MP: 13/13
  7659 | D:8      | Reached **** piety under Okawaru
  7861 | D:9      | Reached skill level 5 in Invocations
  7861 | D:9      | Found a flagged portal.
  7870 | Bailey   | Entered a bailey
  8139 | Bailey   | Noticed an orc knight
  8177 | Bailey   | Killed an orc knight
  8230 | Bailey   | Received a gift from Okawaru
  8368 | Bailey   | Noticed an orc knight
  8382 | Bailey   | Killed an orc knight
  8383 | Bailey   | Reached skill level 6 in Invocations
  9012 | D:9      | Noticed a two-headed ogre
  9029 | D:9      | Killed a two-headed ogre
  9029 | D:9      | Reached ***** piety under Okawaru
  9030 | D:9      | Reached skill level 7 in Invocations
  9430 | D:9      | Received a gift from Okawaru
  9689 | D:9      | Gained mutation: You have an extremely huge brain. (Int +4)
                  | [demonic ancestry]
  9689 | D:9      | Reached XP level 11. HP: 61/87 MP: 16/16
  9827 | D:9      | Found Eseusej's Weapon Boutique.
  9955 | D:9      | Found a staircase to the Orcish Mines.
 10144 | D:9      | Gained mutation: You have a sharp stinger which inflicts
                  | weakening toxins. [demonic ancestry]
 10144 | D:9      | Reached XP level 12. HP: 94/94 MP: 17/17
 10188 | D:10     | Entered Level 10 of the Dungeon
 10365 | D:10     | Noticed a two-headed ogre
 10374 | D:10     | Killed a two-headed ogre
 10474 | D:10     | Reached skill level 8 in Invocations
 10525 | D:10     | Noticed a two-headed ogre
 10531 | D:10     | Killed a two-headed ogre
 10707 | D:10     | Noticed Erolcha
 10714 | D:10     | Killed Erolcha
 11408 | D:11     | Received a gift from Okawaru
 11536 | D:11     | Found a staircase to the Lair.
 11553 | D:11     | Reached skill level 9 in Invocations
 12033 | D:11     | Reached ****** piety under Okawaru
 12473 | D:12     | Noticed Snorg
 12483 | D:12     | Killed Snorg
 12509 | D:12     | Found Beher's Jewellery Shop.
 12519 | D:12     | Bought an amulet of reflection for 480 gold pieces
 12566 | D:12     | Reached skill level 10 in Fighting
 12656 | D:12     | Received a gift from Okawaru
 12670 | D:12     | Reached skill level 10 in Invocations
 12721 | D:12     | Noticed Fannar
 12737 | D:12     | Killed Fannar
 12786 | D:12     | Noticed a two-headed ogre
 12788 | D:12     | Noticed a centaur warrior
 12798 | D:12     | HP: 3/98 [centaur/arrow[a centaur warrior] (6)]
 12909 | D:12     | Gained mutation: Your demonic aura sometimes causes spilled
                  | blood to erupt in flames. [demonic ancestry]
 12909 | D:12     | Reached XP level 13. HP: 80/104 MP: 20/20
 13041 | D:12     | Received a gift from Okawaru
 13357 | D:13     | Noticed a sphinx
 13360 | D:13     | Found a gate leading to a gauntlet.
 13365 | Gauntlet | Entered a Gauntlet
 13365 | Gauntlet | Found a transporter.
 13365 | Gauntlet | Found a runed translucent gate.
 13365 | Gauntlet | Found a transporter.
 13366 | Gauntlet | Found a runed translucent door.
 13367 | Gauntlet | Found a runed translucent gate.
 13368 | Gauntlet | Found a runed translucent gate.
 13373 | Gauntlet | Found a transporter.
 13377 | Gauntlet | Found a transporter.
 13381 | Gauntlet | Found a runed translucent door.
 13383 | Gauntlet | Found a runed translucent door.
 13385 | Gauntlet | Found a transporter.
 13389 | Gauntlet | Found a transporter.
 13397 | Gauntlet | Found a transporter.
 13414 | Gauntlet | Found a transporter.
 13431 | Gauntlet | Found a transporter.
 13432 | Gauntlet | Found a transporter.
 13440 | Gauntlet | Found a transporter.
 13444 | Gauntlet | Found a transporter.
 13509 | Gauntlet | Reached skill level 10 in Polearms
 13536 | Gauntlet | Noticed a spark wasp
 13544 | Gauntlet | Identified the ring "Ewkach" {*Corrode Fly rPois Str+6}
 13575 | Gauntlet | Reached skill level 10 in Dodging
 13584 | Gauntlet | Reached skill level 11 in Invocations
 13593 | Gauntlet | Identified the ring "Jodoh" {rF+ Will- AC+4 Str+3}
 13635 | Gauntlet | Identified the +3 chain mail of Makhleb's Regard {rN+}
 13635 | Gauntlet | Noticed a minotaur
 13647 | Gauntlet | Killed a minotaur
 13884 | D:13     | Found a frozen archway.
 13912 | IceCv    | Entered an ice cave
 14248 | IceCv    | Reached skill level 12 in Invocations
 14255 | IceCv    | HP: 5/106 [ironbound frostheart/creeping frost (39)]
 14260 | IceCv    | Killed from afar by an ironbound frostheart

Illustrated notes

Levels and vault maps discovered:
D:1:      dpeg_arrival_boxorama, layout_basic,
          hellmonk_ecumenical_altar_run_dry, corexii_leaking_fountain,
          minmay_small_reverse_x
D:2:      layout_loops_ring
D:3:      layout_basic, serial_bayou_pond_b
D:4:      layout_basic, mainiacjoe_overflow_alcove_2,
          mainiacjoe_overflow_big_doors, minmay_temple_entry_offerings,
          ebering_ghost_sewer_d
D:5:      layout_basic, serial_curves, eino_curves_01, eino_curves_01,
          serial_bayou_pond_e, amethyst_killhole
D:6:      layout_basic, mainiacjoe_overflow_brackets, serial_shops,
          nicolae_shop_waterfront, nrook_loot_triangle
D:7:      layout_loops_ring
D:8:      layout_loops_ring, st_stairs_10
D:9:      layout_basic, orc_0_dummy, enter_bailey_3, serial_shops,
          nicolae_lakefront_shop, serial_bayou, serial_bayou_lake_a,
          serial_bayou_crossing, serial_bayou_lagoon_a, serial_bayou_pond_b,
          serial_bayou_pond_c, minmay_fractal_squares_5
D:10:     layout_layer_cave, minivault_7, uniq_erolcha
D:11:     layout_cave_pods, erik_lair_island
D:12:     layout_stronghold, serial_shops, shop, uniq_snorg, uniq_fannar
D:13:     minmay_mutant_horseshoe, layout_loops_cross, gauntlet_entry_generic,
          portal_ice_cave_entry_imps
Temple:   compressed_dpeg_circular_temple
IceCv:    ice_cave_caverns_03

Skill      XL: |  1  2  3  4  5  6  7  8  9 10 11 12 13 |
---------------+----------------------------------------+-----
Polearms       | 3 4 5 6 7 8 9 10 | 10.7
Armour         | 1 2 3 4 5 |  5.4
Dodging        | 3 4 5 6 7 8 9 10 | 10.6
Fighting       | 3 4 5 6 7 8 10 11 | 11.3
Invocations    | 4 7 10 12 | 12.0
Shields        | 8 |  8.1
Throwing       | |  1.7

Action                     |  1- 3 |  4- 6 |  7- 9 | 10-12 | 13-15 || total
---------------------------+-------+-------+-------+-------+-------++-------
  Melee: Trident           |   116 |   145 |    69 |       |       ||   330
         Tailslap          |    11 |     8 |    17 |    58 |    44 ||   138
         Punch             |       |     1 |     2 |     2 |       ||     5
         Demon trident     |       |       |   157 |   480 |   212 ||   849
  Throw: Throwing net      |       |     1 |     2 |     2 |       ||     5
 Invoke: Finesse           |       |       |       |     1 |     1 ||     2
  Evoke: Wand              |       |       |       |       |     2 ||     2
    Use: Scroll            |     5 |     7 |    10 |    13 |     2 ||    37
         Potion            |       |     2 |     4 |     2 |     7 ||    15
   Stab: Sleeping          |     3 |       |     2 |       |       ||     5
         Distracted        |     1 |       |       |     2 |       ||     3
         Held in net/web   |       |       |       |     5 |       ||     5
 Armour: Leather armour    |    20 |    15 |    17 |    54 |    23 ||   129
         Skin              |       |    41 |    25 |       |       ||    66
  Dodge: Dodged            |    49 |    34 |   100 |   352 |   123 ||   658
  Block: Buckler           |       |       |       |    35 |    35 ||    70

Table legend: (Time is in decaauts)
 A = Elapsed time spent in this place.
 B = Non-inter-level travel time spent in this place.
 C = Inter-level travel time spent in this place.
 D = Time resting spent in this place.
 E = Time spent auto-exploring this place.
 F = Levels seen in this place.
 G = Mean time per level.
                   A        B        C        D        E       F      G
               +--------+--------+--------+--------+--------+-----+--------+
         Total |  14338 |  13936 |    402 |   1328 |  10007 |  17 |  843.4 |
       Dungeon |  12700 |  12298 |    402 |   1041 |   9194 |  13 |  976.9 |
        Temple |    132 |    132 |      0 |      0 |     78 |   1 |  132.0 |
        Bailey |    663 |    663 |      0 |    143 |    359 |   1 |  663.0 |
      Ice Cave |    336 |    336 |      0 |      0 |    212 |   1 |  336.0 |
      Gauntlet |    505 |    505 |      0 |    144 |    164 |   1 |  505.0 |
               +--------+--------+--------+--------+--------+-----+--------+

Top non-repeatable levels by time:
     D:4: 1930 daAuts
     D:9: 1778 daAuts
    D:10: 1229 daAuts
    D:11: 1067 daAuts
     D:8: 935 daAuts
     D:1: 929 daAuts
     D:5: 903 daAuts
    D:12: 854 daAuts
     D:3: 854 daAuts
     D:6: 805 daAuts
     D:2: 785 daAuts
  Bailey: 663 daAuts
     D:7: 552 daAuts
Gauntlet: 505 daAuts
   IceCv: 336 daAuts
